Map: Ruins of Endion

Players

Miszu - Winner!

  • Race: Terran Terran
  • League: Grandmaster

SunnRadical

  • Race: Zerg Zerg
  • League: Master

VOD

Have the link to the VOD?

Description

Time

  • Played on: May 18, 2016, 1:59 p.m.
  • Length: 7:07
Show
View Real Time Build Order
Export as new Build Order

Miszu Terran - Winner!

Build Orders: Reaper Expand, Hellion Banshee 

Get SALT Encoding   

  12  0:01  SCV  
  13  0:13  SCV  
  14  0:17  Supply Depot  
  14  0:25  SCV  
  15  0:39  SCV  
  15  0:40  Barracks  
  16  0:44  Refinery  
  16  0:51  SCV  
  17  1:03  SCV  
  18  1:15  SCV  
  19  1:27  Orbital Command  
  19  1:28  Reaper  
  20  1:40  Command Center  
  20  1:53  SCV  
  21  2:04  Supply Depot  
  21  2:05  SCV  
  21  2:07  Marine  
  23  2:09  Factory  
  23  2:25  SCV  
  23  2:27  Barracks Reactor  
  23  2:29  Refinery  
  24  2:37  SCV  
  25  2:50  SCV  
  26  2:55  Orbital Command  
  26  2:57  Starport  
  26  3:02  SCV  
  27  3:09  Hellion  
  27  3:10  Hellion  
  27  3:12  Barracks Tech Lab  
  30  3:14  SCV  
  31  3:21  SCV  
  31  3:26  SCV  
  33  3:33  Hellion, SCV  
  33  3:34  Hellion  
  37  3:38  SCV  
  34  3:48  SCV  
  30  4:11  Supply Depot  
  30  4:17  SCV  
  30  4:22  Hellion, SCV  
  29  4:29  SCV  
  30  4:32  Banshee  
  30  4:33  Hellion  
  30  4:34  Supply Depot  
  30  4:37  Barracks Reactor  
  35  4:43  Orbital Command  
  35  4:44  Hellion  
  36  4:48  SCV  
  37  4:56  Hellion  
  39  5:01  SCV, Armory  
  39  5:06  Hellion  
  42  5:09  SCV  
  42  5:13  SCV  
  44  5:17  Hellion  
  46  5:23  Liberator x2  
  46  5:40  SCV x2  
  54  5:44  Supply Depot  
  54  6:05  SCV x2  
  54  6:06  Hellion x2  
  60  6:17  SCV  
  58  6:26  SCV  
  58  6:27  Hellion  
  61  6:33  Hellion  
  61  6:40  SCV  
  61  6:43  SCV  
  61  6:44  Supply Depot  
  55  6:52  SCV  
Show
View Real Time Build Order
Export as new Build Order

SunnRadical Zerg 

Build Orders: Hatch First, Zergling Baneling 

Get SALT Encoding   

  12  0:00  Drone  
  13  0:12  Overlord  
  13  0:18  Drone  
  14  0:30  Drone x2  
  16  0:48  Hatchery  
  15  0:51  Drone  
  15  0:54  Extractor  
  15  1:08  Spawning Pool  
  14  1:11  Drone  
  14  1:16  Drone  
  16  1:19  Drone  
  16  1:24  Drone  
  18  1:35  Drone  
  19  1:55  Metabolic Boost, Queen  
  19  1:57  Zergling x2  
  22  2:04  Queen  
  22  2:07  Zergling x2  
  25  2:09  Zergling x4  
  27  2:24  Overlord  
  27  2:41  Zergling x2  
  27  2:43  Overlord  
  28  2:44  Baneling Nest, Zergling x6  
  29  3:10  Zergling x2  
  29  3:11  Zergling x8  
  34  3:18  Zergling x10  
  34  3:19  Zergling x2  
  40  3:28  Baneling x3  
  40  3:29  Baneling x3  
  40  3:38  Zergling x4  
  35  3:58  Zergling x8  
  35  4:04  Drone x4  
  34  4:20  Zergling x10  
  35  4:34  Drone x2  
  35  4:36  Lair  
  37  4:51  Baneling x3  
  37  4:55  Drone  
  37  4:56  Drone x3  
  37  4:58  Spore Crawler  
  37  4:59  Spore Crawler  
  31  5:28  Drone  
  31  5:29  Drone x11  
  31  5:34  Extractor  
  41  5:37  Zergling x2, Spine Crawler  
  41  5:38  Zergling x2  
  42  5:47  Extractor, Queen  
  43  5:56  Zergling x2  
  44  6:02  Baneling x4  
  44  6:03  Overlord x2  
  44  6:07  Zergling x4  
  27  6:26  Baneling x4  
  24  6:35  Zergling x4  
Tags
 
Add a new tag
Caveats
  • Supply blocks, unpowered buildings, or Contaminate may cause inaccurate times.
  • Supply counts are checked every 10 seconds.